 Dungeon Crawl Stone Soup version 0.25.1-2-g60ff931df9 (webtiles) character file.

Game seed: 1717549120417550081

349 RUZZLEFAZAZZLE the Chopper (level 6, -1/48 HPs)
             Began as a Human Fighter on Aug 22, 2020.
             Slain by an orc wizard
             ... wielding a +0 dagger
              (2 damage)
             ... on level 5 of the Dungeon.
             The game lasted 00:11:50 (3592 turns).

RUZZLEFAZAZZLE the Chopper (Human Fighter)          Turns: 3592, Time: 00:11:51

Health: -1/48      AC:  9    Str: 18    XL:     6   Next: 92%
Magic:  6/6        EV:  8    Int:  9    God:
Gold:   171        SH:  9    Dex: 12    Spells: 5/5 levels left

rFire    . . .     SeeInvis .   a - +1 war axe
rCold    . . .     Gourm    .   c - +0 kite shield
rNeg     . . .     Faith    .   e - +1 ring mail {MR+}
rPois    .         Spirit   .   (no helmet)
rElec    .         Reflect  .   (no cloak)
rCorr    .         Harm     .   g - +0 pair of gloves
MR       +....                  n - +0 pair of boots
Stlth    ..........             (no amulet)
HPRegen  0.16/turn              p - ring of attention (curse)
MPRegen  0.10/turn              (no ring)

@: no status effects
A: no striking features
a: no special abilities


You were on level 5 of the Dungeon.
You were not hungry.

You visited 1 branch of the dungeon, and saw 5 of its levels.

You collected 171 gold pieces.

Inventory:

Hand Weapons
 a - a +1 war axe (weapon)
Armour
 c - a +0 kite shield (worn)
 e - a +1 ring mail of magic resistance (worn)
 g - a +0 pair of gloves (worn)
 n - a +0 pair of boots (worn)
Jewellery
 p - a cursed ring of attention (left hand)
Wands
 b - a wand of clouds (6)
Scrolls
 h - 2 scrolls of identify
 j - a scroll of amnesia
 o - 2 scrolls of immolation
Potions
 d - a potion of might
 l - 3 potions of curing
 r - a potion of heal wounds
Comestibles
 f - 12 rations


   Skills:
 + Level 4.1 Fighting
 * Level 4.5 Axes
 + Level 4.1 Armour
 + Level 4.1 Shields


You had 5 spell levels left.
You didn't know any spells.
Your spell library was empty.

Dungeon Overview and Level Annotations

Branches:
Dungeon (5/15)
 Temple: D:4-7

Altars:
Dithmenos
Fedhas
Gozag
Kikubaaqudgha
Okawaru
Qazlal

Annotations:
D:5 Eustachio


Message History

A magic dart appears from out of thin air!
The magic dart hits you but does no damage.
The orc wizard hits you with a +0 dagger.
The orc hits you with a +0 short sword of protection.
You slash the orc!
You kill the orc!
You closely miss something. You hit the orc wizard. Something hits you.
* * * LOW HITPOINT WARNING * * *
The orc wizard hits you with a +0 dagger.
* * * LOW HITPOINT WARNING * * *
Something hits you.
* * * LOW HITPOINT WARNING * * *
You hit the orc wizard but do no damage.
The orc wizard is severely wounded.
You miss something. The orc wizard casts a spell at you.
The magic dart hits you!
* * * LOW HITPOINT WARNING * * *
Something hits you.
You die...

..## ...#
#####..###
####........##
##............##
#..............#
.........{)...#
........)@o..#
..........#..#
.?.....<### ..#
.....#### .#
#### #


You could see an orc wizard.

Vanquished Creatures
  2 ogres (D:4)
  2 orc wizards
  A killer bee zombie (D:4)
  3 adders
  An ooze (D:1)
  2 worms
  A dart slug (D:1)
  3 leopard geckos
  7 orcs
  2 bats (D:3)
  A giant cockroach (D:4)
  6 goblins
  8 hobgoblins
  9 jackals
  2 frilled lizards (D:2)
  A kobold (D:3)
  3 rats
54 creatures vanquished.

Notes
Turn   | Place    | Note
-------+----------+-------------------------------------------
     0 | D:1      | RUZZLEFAZAZZLE the Human Fighter began the quest for the
                  | Orb.
     0 | D:1      | Reached XP level 1. HP: 18/18 MP: 1/1
   112 | D:1      | Reached XP level 2. HP: 21/24 MP: 2/2
   416 | D:1      | Reached XP level 3. HP: 29/29 MP: 3/3
  1526 | D:2      | Found an opulent altar of Gozag.
  1541 | D:2      | Reached XP level 4. HP: 34/35 MP: 4/4
  1615 | D:2      | Found a blossoming altar of Fedhas.
  1774 | D:2      | Found a shadowy altar of Dithmenos.
  2564 | D:3      | Found an ancient bone altar of Kikubaaqudgha.
  2721 | D:4      | Noticed an ogre
  2730 | D:4      | Killed an ogre
  2730 | D:4      | Reached XP level 5. HP: 35/42 MP: 5/5
  2761 | D:4      | Reached XP level 6. HP: 29/48 MP: 6/6
  2989 | D:4      | Found an iron altar of Okawaru.
  3129 | D:4      | Found a stormy altar of Qazlal.
  3306 | D:4      | Noticed an ogre
  3316 | D:4      | Killed an ogre
  3565 | D:5      | Entered Level 5 of the Dungeon
  3565 | D:5      | Noticed Eustachio
  3565 | D:5      | Noticed a sky beast
  3592 | D:5      | HP: 1/48 [orc wizard/magic dart (8)]
  3592 | D:5      | Slain by an orc wizard

Illustrated notes

Levels and vault maps discovered:
D:1:      lightli_arrival_noodles, layout_basic, minmay_heptomino_l4
D:2:      layout_loops_ring, fedhas_altar_4, lemuel_coloured_pillars_altar,
          serial_bayou, serial_bayou_lagoon_a, serial_bayou_pond_e,
          serial_bayou_shore_b, serial_bayou_pond_c, grunt_gozag_statues
D:3:      corexii_shack_village, layout_basic, kiku_gazebo_garden_becter
D:4:      layout_loops_ring, lemuel_doored_altar,
          nicolae_qazlal_eye_of_the_storm, first_ration
D:5:      layout_cave_pods, serial_shops, shop_fountains, basic_altar,
          uniq_eustachio

Skill      XL: |  1  2  3  4  5  6 |
---------------+-------------------+-----
Axes           | 3 4 |  4.5
Fighting       | 4 |  4.1
Armour         | 4 |  4.1
Shields        | 4 |  4.1

Action                   |  1- 3 |  4- 6 || total
-------------------------+-------+-------++-------
Melee: War axe           |    93 |   151 ||   244
  Use: Scroll            |       |    10 ||    10
       Potion            |       |     2 ||     2
  Eat: Chunk             |     2 |     7 ||     9
Armor: Ring mail         |    48 |    60 ||   108
       Skin              |       |    26 ||    26
Dodge: Dodged            |    38 |    36 ||    74
Block: Kite shield       |    57 |    75 ||   132
